Penguins vs Blues

Created - 26 janvier 2021 at 17:40

Goals
1 2 3 T
Penguins 2 0 2 4
Blues 1 1 1 3
Shots
1 2 3 T
Penguins 5 13 10 28
Blues 13 12 12 37

1st period

1. Penguins , Michael Grabner 7 (Brent Burns 18) at 13:41
2. Penguins , Michael Grabner 8 (Patric Hornqvist 11, Charlie Coyle 5) at 15:31
3. Blues , Jeff Carter 6 (Morgan Rielly 14, Reilly Smith 9) at 19:48

Penalties :
Dmitry Orlov (PIT) for Roughing (Minor) at 1:59, Joel Armia (PIT) for Interference (Minor) at 7:22, Morgan Rielly (STL) for Hooking (Minor) at 16:22

2nd period

4. Blues , Jonathan Drouin 8 (Reilly Smith 10, Andy Greene 7) at 18:11

Penalties :
Tomas Tatar (PIT) for Hooking (Minor) at 7:32

3rd period

5. Blues , Evander Kane 11 (Evgeny Kuznetsov 17) at 10:13 (PP)
6. Penguins , Brent Burns 5 (Cale Makar 14) at 14:52 (PP)
7. Penguins , Auston Matthews 15 (Joel Armia 11) at 15:23

Penalties :
Marc-Edouard Vlasic (STL) for Holding (Minor) at 5:00, Brian Boyle (PIT) for Hooking (Minor) at 10:12, Evander Kane (STL) for Hooking (Minor) at 14:16

Goalie Stats

Jack Campbell (PIT), 34 saves from 37 shots - (0,919), W, 7-1-0, 60:00 minutes
Jonathan Quick (STL), 24 saves from 28 shots - (0,857), L, 8-11-2, 59:00 minutes

Players Stats for Penguins

Player Name              G  A  P  +/- PIM S  H  SB GA TA FO     MP     PP MP  PK MP  
------------------------------------------------------------------------------------
Auston Matthews          1  0  1   0  0   4  1  0  1  0  14/23  19:52   2:26   0:00 
Brent Burns              1  1  2   0  0   2  0  3  0  1  0/0    25:44   2:47   2:07 
Brian Boyle              0  0  0   0  2   0  2  2  0  1  3/8    18:28   0:46   3:10 
Cale Makar               0  1  1   1  0   2  2  1  1  1  0/0    23:44   2:47   1:59 
Charlie Coyle            0  1  1   1  0   5  1  0  0  0  5/14   16:50   2:03   0:00 
Dmitry Orlov             0  0  0   0  2   2  2  1  0  0  0/0    19:26   1:47   1:24 
Jacob Larsson            0  0  0   0  0   0  0  2  0  0  0/0     9:28   0:00   0:18 
Jesperi Kotkaniemi       0  0  0   0  0   3  3  0  0  0  2/2    22:07   1:27   1:12 
Joel Armia               0  1  1   0  2   1  1  2  0  0  1/2    22:23   2:03   2:06 
Michael Grabner          2  0  2   1  0   3  2  0  1  1  0/2    14:03   0:05   2:42 
Mikael Granlund          0  0  0   0  0   0  0  0  0  0  0/0     1:25   0:00   0:13 
Miro Heiskanen           0  0  0   0  0   0  0  1  0  1  0/0    14:52   1:47   0:00 
Patric Hornqvist         0  1  1   1  0   4  0  0  0  0  1/1    17:13   2:26   0:00 
Reid Boucher             0  0  0   0  0   0  0  0  0  0  0/0     6:52   0:00   0:00 
Roman Polak              0  0  0   0  0   0  0  1  0  1  0/0     8:19   0:00   2:37 
Sam Bennett              0  0  0   0  0   0  1  0  0  0  0/2     8:11   0:00   0:47 
Tim Schaller             0  0  0   0  0   0  0  0  0  0  0/0     1:46   0:00   1:46 
Tomas Tatar              0  0  0   0  2   2  3  0  2  3  1/1    20:07   2:26   0:00 
Tyler Myers              0  0  0   1  0   0  0  2  0  2  0/0    23:08   0:00   3:31 

Players Stats for Blues

Player Name              G  A  P  +/- PIM S  H  SB GA TA FO     MP     PP MP  PK MP  
------------------------------------------------------------------------------------
Andy Greene              0  1  1   0  0   2  0  1  1  0  0/0    23:42   3:20   2:44 
Anthony Cirelli          0  0  0  -1  0   5  3  2  0  0  1/1    21:35   3:16   1:51 
Christian Dvorak         0  0  0   0  0   4  3  1  3  0  4/7    11:21   0:09   0:00 
Curtis Lazar             0  0  0  -1  0   1  2  0  1  0  0/0     8:12   0:09   0:00 
Evander Kane             1  0  1  -1  2   5  1  2  0  2  1/3    21:40   3:16   1:57 
Evgeny Kuznetsov         0  1  1  -1  0   1  1  2  1  1  14/29  22:25   3:16   2:40 
Jeff Carter              1  0  1   1  0   4  1  1  0  0  7/11   16:32   2:33   0:00 
Jonathan Drouin          1  0  1   1  0   3  1  1  0  0  0/0    17:11   2:33   0:38 
Justin Faulk             0  0  0  -1  0   3  1  2  0  0  0/0    20:57   2:38   1:50 
MacKenzie Weegar         0  0  0  -1  0   0  3  0  0  0  0/0    11:15   0:00   0:00 
Marc-Edouard Vlasic      0  0  0  -1  2   0  1  0  0  1  0/0    19:35   2:38   0:44 
Matt Martin              0  0  0  -1  0   0  1  0  1  1  0/0     7:48   0:00   0:00 
Melker Karlsson          0  0  0  -1  0   0  1  1  0  0  0/2     7:48   0:00   0:00 
Michael Frolik           0  0  0   0  0   1  1  1  0  0  0/0    10:57   0:00   0:00 
Mike Reilly              0  0  0   1  0   0  0  0  0  0  0/0     5:16   0:00   0:50 
Morgan Rielly            0  1  1   1  2   4  1  0  1  0  0/0    26:22   3:20   1:29 
Reilly Smith             0  2  2   1  0   4  0  0  2  0  1/1    17:14   2:33   0:42 
Ryan Reaves              0  0  0   0  0   0  0  0  0  0  0/0     0:24   0:09   0:00 
Sean Walker              0  0  0  -1  0   0  2  0  0  0  0/0    12:52   0:00   1:31 
Zach Sanford             0  0  0   0  0   0  1  0  1  0  0/1    12:17   0:00   1:20 

3 Stars

1 - Michael Grabner (PIT)
2 - Brent Burns (PIT)
3 - Jonathan Drouin (STL)

Power Play

Penguins - 1 on 3 Attempt(s) - 33,33%
Blues - 1 on 4 Attempt(s) - 25,00%

Penalty Kill

Penguins - 3 on 4 Attempt(s) - 75,00% - Score 0 goal in Penalty Kill
Blues - 2 on 3 Attempt(s) - 66,67% - Score 0 goal in Penalty Kill

Team Stat

Penguins - Hits : 18 - Faceoff Wins : 27 - Blocked Shots : 15 - Penalty Minutes : 8
Blues - Hits : 24 - Faceoff Wins : 28 - Blocked Shots : 14 - Penalty Minutes : 6

Official

Referees : Brad Meier and Sean MacFarlane
Linesman : Travis Toomey and Greg Devorski

Game Notes

Mikael Granlund is injured at 5:55 of 1st period (Bruised Right Foot)
Roman Polak is injured at 2:36 of 2nd period (Left Ankle)

Finance

Level 1 -- Attendance: 4304 (71,73%) -- Ticket Income 430 400 $
Level 2 -- Attendance: 4417 (88,34%) -- Ticket Income 265 020 $
Level 3 -- Attendance: 1482 (74,10%) -- Ticket Income 59 280 $
Level 4 -- Attendance: 2332 (58,30%) -- Ticket Income 69 960 $
Luxury Box -- Attendance: 696 (69,60%) -- Ticket Income 139 200 $
Game was played at the St.Louis Garden.
Total Attendance: 13231 (73,51%)
Total Ticket Income: 963 860 $
Other Income: 472 291 $
Total Income: 1 436 151 $

Penguins

5 vs 5 Forward 
   Center                   Left Wing                Right Wing               Time % Phy DF OF 
 1 Auston Matthews          Tomas Tatar              Joel Armia               38     1   0  4  
 2 Charlie Coyle            Mikael Granlund          Patric Hornqvist         33     1   1  3  
 3 Brian Boyle              Jesperi Kotkaniemi       Michael Grabner          20     1   2  2  
 4 Sam Bennett              Reid Boucher             Brent Burns              9      1   2  2  

5 vs 5 Defense 
   Defense                  Defense                                           Time % Phy DF OF 
 1 Brent Burns              Tyler Myers                                       30     1   4  0  
 2 Miro Heiskanen           Cale Makar                                        30     1   4  0  
 3 Roman Polak              Dmitry Orlov                                      30     1   4  0  
 4 Jacob Larsson            Tyler Myers                                       10     1   4  0  

PowerPlay Forward 
   Center                   Left Wing                Right Wing               Time % Phy DF OF 
 1 Auston Matthews          Tomas Tatar              Patric Hornqvist         60     1   0  4  
 2 Charlie Coyle            Mikael Granlund          Joel Armia               40     1   0  4  

PowerPlay Defense
   Defense                  Defense                                           Time % Phy DF OF 
 1 Brent Burns              Cale Makar                                        60     1   1  3  
 2 Miro Heiskanen           Dmitry Orlov                                      40     1   1  3  

Penalty Kill 4 Players Forward 
   Center                   Wing                     Time % Phy DF OF 
 1 Brian Boyle              Joel Armia               60     1   4  0  
 2 Tim Schaller             Michael Grabner          40     1   3  1  

Penalty Kill 4 Players Defense
   Defense                  Defense                  Time % Phy DF OF 
 1 Roman Polak              Tyler Myers              60     1   4  0  
 2 Brent Burns              Dmitry Orlov             40     1   4  0  

Penalty Kill - 3 Players Forward 
   Forward                                           Time % Phy DF OF 
 1 Brian Boyle                                       60     1   2  2  
 2 Tim Schaller                                      40     1   2  2  

Penalty Kill - 3 Players Defense
   Defense                  Defense                  Time % Phy DF OF 
 1 Roman Polak              Tyler Myers              60     1   2  2  
 2 Miro Heiskanen           Dmitry Orlov             40     1   2  2  

4 vs 4 Forward 
   Center                   Wing                     Time % Phy DF OF 
 1 Auston Matthews          Tomas Tatar              60     1   1  3  
 2 Charlie Coyle            Patric Hornqvist         40     0   2  3  

4 vs 4 Defense
   Defense                  Defense                  Time % Phy DF OF 
 1 Brent Burns              Cale Makar               60     1   2  2  
 2 Miro Heiskanen           Dmitry Orlov             40     1   2  2  

Last Minutes Offensive
   Center                   Left Wing                Right Wing               Defense                  Defense                  
   Auston Matthews          Tomas Tatar              Patric Hornqvist         Brent Burns              Cale Makar               

Last Minutes Defensive
   Center                   Left Wing                Right Wing               Defense                  Defense                  
   Brian Boyle              Michael Grabner          Joel Armia               Brent Burns              Roman Polak              

Goaltenders
Starting : Jack Campbell            
Backup : Tuukka Rask              

Extra Forwards
Normal : Jesperi Kotkaniemi, Brian Boyle, Michael Grabner - PP : Jesperi Kotkaniemi, Brian Boyle - PK : Michael Grabner
Extra Defensemen
Normal : Roman Polak, Cale Makar, Jacob Larsson - PP : Roman Polak - PK : Cale Makar, Jacob Larsson
Penalty Shots
Brent Burns, Auston Matthews, Tomas Tatar, Patric Hornqvist, Charlie Coyle
Custom OT Lines Forwards
Auston Matthews, Patric Hornqvist, Tomas Tatar, Mikael Granlund, Charlie Coyle, Reid Boucher, Joel Armia, Jesperi Kotkaniemi, Brian Boyle, Michael Grabner
Custom OT Lines Defensemen
Brent Burns, Cale Makar, Miro Heiskanen, Jacob Larsson, Roman Polak

Scratches
Markus Granlund (Healthy), Mikkel Boedker (Healthy)

Blues

5 vs 5 Forward 
   Center                   Left Wing                Right Wing               Time % Phy DF OF 
 1 Evgeny Kuznetsov         Evander Kane             Anthony Cirelli          40     1   2  2  
 2 Jeff Carter              Reilly Smith             Jonathan Drouin          30     1   2  2  
 3 Christian Dvorak         Zach Sanford             Michael Frolik           20     1   2  2  
 4 Melker Karlsson          Matt Martin              Curtis Lazar             10     1   2  2  

5 vs 5 Defense 
   Defense                  Defense                                           Time % Phy DF OF 
 1 Morgan Rielly            Andy Greene                                       40     1   2  2  
 2 Marc-Edouard Vlasic      Justin Faulk                                      30     1   2  2  
 3 MacKenzie Weegar         Sean Walker                                       20     1   2  2  
 4 Mike Reilly              Morgan Rielly                                     10     1   2  2  

PowerPlay Forward 
   Center                   Left Wing                Right Wing               Time % Phy DF OF 
 1 Evgeny Kuznetsov         Evander Kane             Anthony Cirelli          60     1   2  2  
 2 Jeff Carter              Reilly Smith             Jonathan Drouin          40     1   2  2  

PowerPlay Defense
   Defense                  Defense                                           Time % Phy DF OF 
 1 Morgan Rielly            Andy Greene                                       60     1   2  2  
 2 Marc-Edouard Vlasic      Justin Faulk                                      40     1   2  2  

Penalty Kill 4 Players Forward 
   Center                   Wing                     Time % Phy DF OF 
 1 Evander Kane             Evgeny Kuznetsov         60     1   2  2  
 2 Anthony Cirelli          Reilly Smith             40     1   2  2  

Penalty Kill 4 Players Defense
   Defense                  Defense                  Time % Phy DF OF 
 1 Morgan Rielly            Andy Greene              60     1   2  2  
 2 Marc-Edouard Vlasic      Justin Faulk             40     1   2  2  

Penalty Kill - 3 Players Forward 
   Forward                                           Time % Phy DF OF 
 1 Evander Kane                                      60     1   2  2  
 2 Evgeny Kuznetsov                                  40     1   2  2  

Penalty Kill - 3 Players Defense
   Defense                  Defense                  Time % Phy DF OF 
 1 Morgan Rielly            Andy Greene              60     1   2  2  
 2 Marc-Edouard Vlasic      Justin Faulk             40     1   2  2  

4 vs 4 Forward 
   Center                   Wing                     Time % Phy DF OF 
 1 Evander Kane             Evgeny Kuznetsov         60     1   2  2  
 2 Anthony Cirelli          Reilly Smith             40     1   2  2  

4 vs 4 Defense
   Defense                  Defense                  Time % Phy DF OF 
 1 Morgan Rielly            Andy Greene              60     1   2  2  
 2 Marc-Edouard Vlasic      Justin Faulk             40     1   2  2  

Last Minutes Offensive
   Center                   Left Wing                Right Wing               Defense                  Defense                  
   Evgeny Kuznetsov         Evander Kane             Anthony Cirelli          Morgan Rielly            Andy Greene              

Last Minutes Defensive
   Center                   Left Wing                Right Wing               Defense                  Defense                  
   Evgeny Kuznetsov         Evander Kane             Anthony Cirelli          Morgan Rielly            Andy Greene              

Goaltenders
Starting : Jonathan Quick           
Backup : Brian Elliott            

Extra Forwards
Normal : Ryan Reaves, Christian Dvorak, Zach Sanford - PP : Ryan Reaves, Christian Dvorak - PK : Zach Sanford
Extra Defensemen
Normal : MacKenzie Weegar, Sean Walker, Mike Reilly - PP : MacKenzie Weegar - PK : Sean Walker, Mike Reilly
Penalty Shots
Evander Kane, Evgeny Kuznetsov, Anthony Cirelli, Reilly Smith, Jeff Carter
Custom OT Lines Forwards
Evander Kane, Evgeny Kuznetsov, Anthony Cirelli, Reilly Smith, Jeff Carter, Christian Dvorak, Jonathan Drouin, Zach Sanford, Michael Frolik, Curtis Lazar
Custom OT Lines Defensemen
Morgan Rielly, Andy Greene, Marc-Edouard Vlasic, Justin Faulk, MacKenzie Weegar

Scratches
Colin White (Head Injury)

% Time on Ice - Penguins

Lines # - Real PCT - Wanted PCT - Time Play
Normal Forward
1 - 37% - 38% - 18:14
2 - 32% - 33% - 15:30
3 - 17% - 20% - 8:07
4 - 14% - 9% - 6:52
Normal Defense
1 - 30% - 30% - 14:42
2 - 27% - 30% - 13:17
3 - 32% - 30% - 15:33
4 - 11% - 10% - 5:11
PP Forward
1 - 53% - 60% - 2:26
2 - 47% - 40% - 2:08
PP Defense
1 - 61% - 60% - 2:47
2 - 39% - 40% - 1:47
PK Forward
1 - 70% - 60% - 4:12
2 - 30% - 40% - 1:46
PK Defense
1 - 65% - 60% - 3:51
2 - 35% - 40% - 2:07
PK3 Forward
1 - 0% - 60%
2 - 0% - 40%
PK3 Defense
1 - 0% - 60%
2 - 0% - 40%
44 Forward
1 - 0% - 60%
2 - 0% - 40%
44 Defense
1 - 0% - 60%
2 - 0% - 40%
Last Minute Offensive  - 0:00
Last Minute Defensive  - 0:45
Total
Forward - 60:00
Defense - 60:00

% Time on Ice - Blues

Lines # - Real PCT - Wanted PCT - Time Play
Normal Forward
1 - 33% - 40% - 15:59
2 - 29% - 30% - 13:59
3 - 22% - 20% - 10:57
4 - 16% - 10% - 7:48
Normal Defense
1 - 35% - 40% - 16:53
2 - 34% - 30% - 16:29
3 - 23% - 20% - 11:15
4 - 8% - 10% - 4:06
PP Forward
1 - 57% - 60% - 3:25
2 - 43% - 40% - 2:33
PP Defense
1 - 56% - 60% - 3:20
2 - 44% - 40% - 2:38
PK Forward
1 - 85% - 60% - 3:52
2 - 15% - 40% - 0:42
PK Defense
1 - 60% - 60% - 2:44
2 - 40% - 40% - 1:50
PK3 Forward
1 - 0% - 60%
2 - 0% - 40%
PK3 Defense
1 - 0% - 60%
2 - 0% - 40%
44 Forward
1 - 0% - 60%
2 - 0% - 40%
44 Defense
1 - 0% - 60%
2 - 0% - 40%
Last Minute Offensive  - 0:45
Last Minute Defensive  - 0:00
Total
Forward - 60:00
Defense - 60:00

Play-by-Play

1st period


0:01 of 1st period - Evgeny Kuznetsov wins face-off versus Auston Matthews in neutral zone.
0:06 of 1st period - Snap shot by Evander Kane.
0:06 of 1st period - Shot Blocked by Brent Burns.
0:08 of 1st period - Slapshot by Morgan Rielly.
0:08 of 1st period - Stopped by Jack Campbell with a rebound.
0:10 of 1st period - Slapshot by Morgan Rielly.
0:10 of 1st period - Deflect By Evander Kane.
0:10 of 1st period - Stopped by Jack Campbell with a rebound.
0:12 of 1st period - Snap shot by Anthony Cirelli.
0:12 of 1st period - Stopped by Jack Campbell with a rebound.
0:16 of 1st period - Wrist shot by Evander Kane.
0:16 of 1st period - Stopped by Jack Campbell without a rebound.
0:17 of 1st period - Jeff Carter wins face-off versus Charlie Coyle in Penguins zone.
0:20 of 1st period - Backhand shot by Jonathan Drouin.
0:20 of 1st period - Deflect By Reilly Smith.
0:20 of 1st period - Stopped by Jack Campbell without a rebound.
0:21 of 1st period - Jeff Carter wins face-off versus Charlie Coyle in Penguins zone.
1:11 of 1st period - Snap shot by Jeff Carter.
1:11 of 1st period - Stopped by Jack Campbell with a rebound.
1:13 of 1st period - Slapshot by Jonathan Drouin.
1:13 of 1st period - Shot Blocked by Brian Boyle.
1:15 of 1st period - Backhand shot by Reilly Smith.
1:15 of 1st period - Stopped by Jack Campbell without a rebound.
1:16 of 1st period - Auston Matthews wins face-off versus Christian Dvorak in Penguins zone.
1:42 of 1st period - Dmitry Orlov is hit by Sean Walker and loses puck.
1:59 of 1st period - Minor Penalty to Dmitry Orlov for Roughing.
2:00 of 1st period - Evgeny Kuznetsov wins face-off versus Brian Boyle in Penguins zone.
2:07 of 1st period - Wrist shot by Evander Kane.
2:07 of 1st period - Shot Blocked by Joel Armia.
2:09 of 1st period - Slapshot by Anthony Cirelli.
2:09 of 1st period - Stopped by Jack Campbell without a rebound.
2:10 of 1st period - Brian Boyle wins face-off versus Evgeny Kuznetsov in Penguins zone.
2:10 of 1st period - Brian Boyle is hit by Evander Kane.
2:56 of 1st period - Snap shot by Michael Grabner.
2:56 of 1st period - Shot Blocked by Anthony Cirelli.
3:55 of 1st period - Anthony Cirelli is hit by Brian Boyle and loses puck.
3:59 of 1st period - Penalty to Dmitry Orlov is over, Dmitry Orlov is back on ice.
4:18 of 1st period - Slapshot by Matt Martin.
4:18 of 1st period - Shot Blocked by Jacob Larsson.
4:36 of 1st period - Slapshot by Auston Matthews.
4:36 of 1st period - Shot Misses the Net.
5:06 of 1st period - Joel Armia is hit by Morgan Rielly and loses puck.
5:39 of 1st period - Roman Polak is hit by Matt Martin.
5:54 of 1st period - Mikael Granlund is hit by Anthony Cirelli and loses puck.
5:55 of 1st period - Mikael Granlund from Penguins is injured at 5:55 of 1st period (Bruised Right Foot).
5:56 of 1st period - Evgeny Kuznetsov wins face-off versus Charlie Coyle in Penguins zone.
6:13 of 1st period - Snap shot by Evgeny Kuznetsov.
6:13 of 1st period - Shot Blocked by Brent Burns.
6:23 of 1st period - Reilly Smith is hit by Tomas Tatar.
6:43 of 1st period - Justin Faulk is hit by Michael Grabner and loses puck.
6:50 of 1st period - Brian Boyle is hit by Christian Dvorak and loses puck.
7:22 of 1st period - Minor Penalty to Joel Armia for Interference.
7:23 of 1st period - Brian Boyle wins face-off versus Evgeny Kuznetsov in Penguins zone.
8:51 of 1st period - Icing by Marc-Edouard Vlasic.
8:52 of 1st period - Evgeny Kuznetsov wins face-off versus Brian Boyle in Blues zone.
9:08 of 1st period - Roman Polak is hit by Jonathan Drouin and loses puck.
9:22 of 1st period - Penalty to Joel Armia is over, Joel Armia is back on ice.
9:45 of 1st period - Joel Armia is hit by Curtis Lazar and loses puck.
10:16 of 1st period - Wrist shot by Patric Hornqvist.
10:16 of 1st period - Deflect By Charlie Coyle.
10:16 of 1st period - Shot Blocked by Jeff Carter.
10:16 of 1st period - Puck is out of play.
10:17 of 1st period - Charlie Coyle wins face-off versus Evander Kane in Blues zone.
10:22 of 1st period - Slapshot by Patric Hornqvist.
10:22 of 1st period - Stopped by Jonathan Quick with a rebound.
10:24 of 1st period - Slapshot by Tyler Myers.
10:24 of 1st period - Shot Misses the Net.
10:26 of 1st period - Backhand shot by Brent Burns.
10:26 of 1st period - Shot Misses the Net.
10:28 of 1st period - Slapshot by Brent Burns.
10:28 of 1st period - Deflect By Evander Kane.
10:28 of 1st period - Stopped by Jonathan Quick with a rebound.
11:02 of 1st period - Morgan Rielly is hit by Brian Boyle and loses puck.
11:57 of 1st period - Sam Bennett is hit by MacKenzie Weegar and loses puck.
12:08 of 1st period - Brent Burns is hit by Justin Faulk and loses puck.
12:19 of 1st period - Brian Boyle is hit by MacKenzie Weegar and loses puck.
13:03 of 1st period - Jesperi Kotkaniemi is hit by Melker Karlsson and loses puck.
13:25 of 1st period - Snap shot by Michael Grabner.
13:25 of 1st period - Shot Misses the Net.
13:36 of 1st period - MacKenzie Weegar is hit by Jesperi Kotkaniemi and loses puck.
13:41 of 1st period - Snap shot by Michael Grabner.
13:41 of 1st period - Goal by Michael Grabner - Penguins : 1 - Blues : 0.
13:42 of 1st period - Auston Matthews wins face-off versus Evgeny Kuznetsov in neutral zone.
13:45 of 1st period - Evgeny Kuznetsov is hit by Tomas Tatar and loses puck.
14:16 of 1st period - Snap shot by Charlie Coyle.
14:16 of 1st period - Shot Misses the Net.
14:18 of 1st period - Backhand shot by Brent Burns.
14:18 of 1st period - Deflect By Charlie Coyle.
14:18 of 1st period - Shot Misses the Net.
14:18 of 1st period - Puck is out of play.
14:19 of 1st period - Reilly Smith wins face-off versus Joel Armia in Blues zone.
14:30 of 1st period - Snap shot by Jeff Carter.
14:30 of 1st period - Shot Blocked by Roman Polak.
14:32 of 1st period - Wrist shot by Jeff Carter.
14:32 of 1st period - Shot Misses the Net.
14:34 of 1st period - Snap shot by Jeff Carter.
14:34 of 1st period - Stopped by Jack Campbell with a rebound.
14:48 of 1st period - Wrist shot by Evander Kane.
14:48 of 1st period - Stopped by Jack Campbell without a rebound.
14:49 of 1st period - Charlie Coyle wins face-off versus Evgeny Kuznetsov in Penguins zone.
15:29 of 1st period - Snap shot by Patric Hornqvist.
15:29 of 1st period - Shot Misses the Net.
15:31 of 1st period - Wrist shot by Michael Grabner.
15:31 of 1st period - Goal by Michael Grabner - Penguins : 2 - Blues : 0.
15:32 of 1st period - Jeff Carter wins face-off versus Charlie Coyle in neutral zone.
15:37 of 1st period - Wrist shot by Patric Hornqvist.
15:37 of 1st period - Deflect By Jeff Carter.
15:37 of 1st period - Shot Misses the Net.
15:37 of 1st period - Puck is out of play.
15:38 of 1st period - Jeff Carter wins face-off versus Charlie Coyle in Blues zone.
15:52 of 1st period - Snap shot by Reilly Smith.
15:52 of 1st period - Shot Misses the Net.
15:54 of 1st period - Slapshot by Morgan Rielly.
15:54 of 1st period - Stopped by Jack Campbell with a rebound.
16:22 of 1st period - Minor Penalty to Morgan Rielly for Hooking.
16:23 of 1st period - Auston Matthews wins face-off versus Evander Kane in Blues zone.
16:28 of 1st period - Slapshot by Auston Matthews.
16:28 of 1st period - Shot Blocked by Evgeny Kuznetsov.
16:30 of 1st period - Wrist shot by Patric Hornqvist.
16:30 of 1st period - Deflect By Auston Matthews.
16:30 of 1st period - Stopped by Jonathan Quick with a rebound.
16:32 of 1st period - Snap shot by Patric Hornqvist.
16:32 of 1st period - Shot Misses the Net.
17:07 of 1st period - Tomas Tatar is hit by Evgeny Kuznetsov and loses puck.
18:22 of 1st period - Penalty to Morgan Rielly is over, Morgan Rielly is back on ice.
18:25 of 1st period - Icing by Brian Boyle.
18:26 of 1st period - Jesperi Kotkaniemi wins face-off versus Melker Karlsson in Penguins zone.
18:35 of 1st period - Marc-Edouard Vlasic is hit by Jesperi Kotkaniemi and loses puck.
19:42 of 1st period - Snap shot by Jonathan Drouin.
19:42 of 1st period - Shot Misses the Net.
19:44 of 1st period - Wrist shot by Reilly Smith.
19:44 of 1st period - Shot Misses the Net.
19:46 of 1st period - Snap shot by Morgan Rielly.
19:46 of 1st period - Stopped by Jack Campbell with a rebound.
19:48 of 1st period - Slapshot by Jeff Carter.
19:48 of 1st period - Goal by Jeff Carter - Penguins : 2 - Blues : 1.
19:49 of 1st period - Auston Matthews wins face-off versus Evgeny Kuznetsov in neutral zone.
Goals for this period are 2 for Penguins vs 1 for Blues.
Shots for this period are 5 for Penguins vs 13 for Blues.

2nd period


0:01 of 2nd period - Evgeny Kuznetsov wins face-off versus Auston Matthews in neutral zone.
1:34 of 2nd period - MacKenzie Weegar is hit by Michael Grabner and loses puck.
2:07 of 2nd period - Icing by Dmitry Orlov.
2:08 of 2nd period - Auston Matthews wins face-off versus Evgeny Kuznetsov in Penguins zone.
2:11 of 2nd period - Snap shot by Anthony Cirelli.
2:11 of 2nd period - Stopped by Jack Campbell with a rebound.
2:35 of 2nd period - Roman Polak is hit by Zach Sanford and loses puck.
2:36 of 2nd period - Roman Polak from Penguins is injured at 2:36 of 2nd period (Left Ankle).
2:37 of 2nd period - Evgeny Kuznetsov wins face-off versus Charlie Coyle in Penguins zone.
3:06 of 2nd period - Wrist shot by Charlie Coyle.
3:06 of 2nd period - Stopped by Jonathan Quick with a rebound.
3:08 of 2nd period - Snap shot by Auston Matthews.
3:08 of 2nd period - Shot Blocked by Andy Greene.
3:16 of 2nd period - Snap shot by Auston Matthews.
3:16 of 2nd period - Stopped by Jonathan Quick with a rebound.
3:18 of 2nd period - Slapshot by Brent Burns.
3:18 of 2nd period - Shot Blocked by Jonathan Drouin.
3:20 of 2nd period - Slapshot by Tyler Myers.
3:20 of 2nd period - Shot Hit the Post.
4:34 of 2nd period - Snap shot by Auston Matthews.
4:34 of 2nd period - Shot Misses the Net.
4:36 of 2nd period - Wrist shot by Joel Armia.
4:36 of 2nd period - Stopped by Jonathan Quick without a rebound.
4:37 of 2nd period - Auston Matthews wins face-off versus Jeff Carter in Blues zone.
4:38 of 2nd period - Snap shot by Tomas Tatar.
4:38 of 2nd period - Stopped by Jonathan Quick without a rebound.
4:39 of 2nd period - Auston Matthews wins face-off versus Jeff Carter in Blues zone.
4:46 of 2nd period - Snap shot by Jonathan Drouin.
4:46 of 2nd period - Stopped by Jack Campbell with a rebound.
5:04 of 2nd period - Slapshot by Reilly Smith.
5:04 of 2nd period - Stopped by Jack Campbell with a rebound.
5:24 of 2nd period - Wrist shot by Morgan Rielly.
5:24 of 2nd period - Stopped by Jack Campbell without a rebound.
5:25 of 2nd period - Jesperi Kotkaniemi wins face-off versus Evgeny Kuznetsov in Penguins zone.
6:57 of 2nd period - Wrist shot by Charlie Coyle.
6:57 of 2nd period - Shot Misses the Net.
7:14 of 2nd period - Off-side.
7:15 of 2nd period - Anthony Cirelli wins face-off versus Auston Matthews in neutral zone.
7:17 of 2nd period - Morgan Rielly is hit by Dmitry Orlov and loses puck.
7:25 of 2nd period - Wrist shot by Anthony Cirelli.
7:25 of 2nd period - Stopped by Jack Campbell without a rebound.
7:26 of 2nd period - Evgeny Kuznetsov wins face-off versus Auston Matthews in Penguins zone.
7:32 of 2nd period - Minor Penalty to Tomas Tatar for Hooking.
7:33 of 2nd period - Evgeny Kuznetsov wins face-off versus Brian Boyle in Penguins zone.
8:27 of 2nd period - Snap shot by Michael Grabner.
8:27 of 2nd period - Shot Misses the Net.
9:32 of 2nd period - Penalty to Tomas Tatar is over, Tomas Tatar is back on ice.
9:40 of 2nd period - Andy Greene is hit by Dmitry Orlov and loses puck.
9:50 of 2nd period - Icing by Dmitry Orlov.
9:51 of 2nd period - Christian Dvorak wins face-off versus Charlie Coyle in Penguins zone.
9:56 of 2nd period - Snap shot by Zach Sanford.
9:56 of 2nd period - Shot Blocked by Dmitry Orlov.
9:58 of 2nd period - Slapshot by MacKenzie Weegar.
9:58 of 2nd period - Deflect By Christian Dvorak.
9:58 of 2nd period - Shot Misses the Net.
9:58 of 2nd period - Puck is out of play.
9:59 of 2nd period - Evgeny Kuznetsov wins face-off versus Charlie Coyle in Penguins zone.
10:24 of 2nd period - Joel Armia is hit by Jeff Carter and loses puck.
11:03 of 2nd period - Cale Makar is hit by Curtis Lazar and loses puck.
11:10 of 2nd period - Slapshot by Tyler Myers.
11:10 of 2nd period - Shot Misses the Net.
11:12 of 2nd period - Snap shot by Charlie Coyle.
11:12 of 2nd period - Stopped by Jonathan Quick with a rebound.
11:26 of 2nd period - Snap shot by Anthony Cirelli.
11:26 of 2nd period - Shot Misses the Net.
11:28 of 2nd period - Slapshot by Andy Greene.
11:28 of 2nd period - Stopped by Jack Campbell without a rebound.
11:29 of 2nd period - Evgeny Kuznetsov wins face-off versus Sam Bennett in Penguins zone.
11:36 of 2nd period - Slapshot by Evgeny Kuznetsov.
11:36 of 2nd period - Stopped by Jack Campbell with a rebound.
11:38 of 2nd period - Snap shot by Anthony Cirelli.
11:38 of 2nd period - Stopped by Jack Campbell with a rebound.
11:40 of 2nd period - Slapshot by Justin Faulk.
11:40 of 2nd period - Shot Misses the Net.
11:42 of 2nd period - Wrist shot by Evander Kane.
11:42 of 2nd period - Stopped by Jack Campbell without a rebound.
11:43 of 2nd period - Auston Matthews wins face-off versus Evgeny Kuznetsov in Penguins zone.
11:43 of 2nd period - Auston Matthews is hit by Marc-Edouard Vlasic.
11:55 of 2nd period - Slapshot by Auston Matthews.
11:55 of 2nd period - Shot Misses the Net.
12:13 of 2nd period - Snap shot by Zach Sanford.
12:13 of 2nd period - Shot Misses the Net.
12:15 of 2nd period - Slapshot by Justin Faulk.
12:15 of 2nd period - Deflect By Jesperi Kotkaniemi.
12:15 of 2nd period - Stopped by Jack Campbell with a rebound.
12:17 of 2nd period - Snap shot by Michael Frolik.
12:17 of 2nd period - Shot Blocked by Tyler Myers.
12:19 of 2nd period - Snap shot by Christian Dvorak.
12:19 of 2nd period - Stopped by Jack Campbell with a rebound.
12:37 of 2nd period - Snap shot by Jesperi Kotkaniemi.
12:37 of 2nd period - Shot Misses the Net.
13:09 of 2nd period - Slapshot by Andy Greene.
13:09 of 2nd period - Shot Misses the Net.
13:24 of 2nd period - Icing by Morgan Rielly.
13:25 of 2nd period - Charlie Coyle wins face-off versus Christian Dvorak in Blues zone.
13:26 of 2nd period - Slapshot by Cale Makar.
13:26 of 2nd period - Deflect By Patric Hornqvist.
13:26 of 2nd period - Stopped by Jonathan Quick with a rebound.
13:28 of 2nd period - Snap shot by Dmitry Orlov.
13:28 of 2nd period - Stopped by Jonathan Quick with a rebound.
13:30 of 2nd period - Backhand shot by Charlie Coyle.
13:30 of 2nd period - Shot Blocked by Christian Dvorak.
13:42 of 2nd period - Wrist shot by Evgeny Kuznetsov.
13:42 of 2nd period - Shot Misses the Net.
13:52 of 2nd period - Backhand shot by Evgeny Kuznetsov.
13:52 of 2nd period - Shot Misses the Net.
14:08 of 2nd period - Wrist shot by Jesperi Kotkaniemi.
14:08 of 2nd period - Stopped by Jonathan Quick with a rebound.
14:40 of 2nd period - Snap shot by Justin Faulk.
14:40 of 2nd period - Deflect By Curtis Lazar.
14:40 of 2nd period - Shot Blocked by Jacob Larsson.
14:40 of 2nd period - Puck is out of play.
14:41 of 2nd period - Auston Matthews wins face-off versus Evgeny Kuznetsov in Penguins zone.
14:41 of 2nd period - Auston Matthews is hit by MacKenzie Weegar.
16:16 of 2nd period - Snap shot by Auston Matthews.
16:16 of 2nd period - Shot Blocked by Justin Faulk.
16:34 of 2nd period - Snap shot by Charlie Coyle.
16:34 of 2nd period - Stopped by Jonathan Quick with a rebound.
16:36 of 2nd period - Snap shot by Charlie Coyle.
16:36 of 2nd period - Shot Misses the Net.
16:38 of 2nd period - Wrist shot by Jesperi Kotkaniemi.
16:38 of 2nd period - Stopped by Jonathan Quick with a rebound.
17:45 of 2nd period - Wrist shot by Brian Boyle.
17:45 of 2nd period - Shot Blocked by Melker Karlsson.
17:47 of 2nd period - Wrist shot by Michael Grabner.
17:47 of 2nd period - Stopped by Jonathan Quick with a rebound.
18:11 of 2nd period - Slapshot by Jonathan Drouin.
18:11 of 2nd period - Goal by Jonathan Drouin - Penguins : 2 - Blues : 2.
18:12 of 2nd period - Auston Matthews wins face-off versus Evgeny Kuznetsov in neutral zone.
18:17 of 2nd period - Snap shot by Cale Makar.
18:17 of 2nd period - Shot Blocked by Evander Kane.
18:38 of 2nd period - Auston Matthews is hit by Christian Dvorak and loses puck.
19:02 of 2nd period - Slapshot by Dmitry Orlov.
19:02 of 2nd period - Stopped by Jonathan Quick with a rebound.
19:04 of 2nd period - Wrist shot by Patric Hornqvist.
19:04 of 2nd period - Stopped by Jonathan Quick without a rebound.
19:05 of 2nd period - Patric Hornqvist wins face-off versus Jeff Carter in Blues zone.
Goals for this period are 0 for Penguins vs 1 for Blues.
Shots for this period are 13 for Penguins vs 12 for Blues.

3rd period


0:01 of 3rd period - Charlie Coyle wins face-off versus Evgeny Kuznetsov in neutral zone.
0:51 of 3rd period - Michael Frolik is hit by Jesperi Kotkaniemi and loses puck.
1:15 of 3rd period - Evgeny Kuznetsov is hit by Sam Bennett and loses puck.
1:36 of 3rd period - Slapshot by Reilly Smith.
1:36 of 3rd period - Stopped by Jack Campbell with a rebound.
1:38 of 3rd period - Wrist shot by Jeff Carter.
1:38 of 3rd period - Shot Misses the Net.
2:12 of 3rd period - Jacob Larsson is hit by Anthony Cirelli and loses puck.
2:18 of 3rd period - Off-side.
2:19 of 3rd period - Tomas Tatar wins face-off versus Evgeny Kuznetsov in neutral zone.
2:30 of 3rd period - Slapshot by Cale Makar.
2:30 of 3rd period - Stopped by Jonathan Quick without a rebound.
2:31 of 3rd period - Auston Matthews wins face-off versus Evgeny Kuznetsov in Blues zone.
3:03 of 3rd period - Jonathan Drouin is hit by Charlie Coyle and loses puck.
3:08 of 3rd period - Snap shot by Patric Hornqvist.
3:08 of 3rd period - Shot Misses the Net.
3:10 of 3rd period - Slapshot by Cale Makar.
3:10 of 3rd period - Shot Blocked by Justin Faulk.
3:22 of 3rd period - Jacob Larsson is hit by Christian Dvorak and loses puck.
4:00 of 3rd period - Wrist shot by Joel Armia.
4:00 of 3rd period - Shot Misses the Net.
4:02 of 3rd period - Snap shot by Charlie Coyle.
4:02 of 3rd period - Deflect By Patric Hornqvist.
4:02 of 3rd period - Stopped by Jonathan Quick with a rebound.
4:04 of 3rd period - Slapshot by Dmitry Orlov.
4:04 of 3rd period - Shot Misses the Net.
4:06 of 3rd period - Wrist shot by Charlie Coyle.
4:06 of 3rd period - Stopped by Jonathan Quick with a rebound.
4:44 of 3rd period - Wrist shot by Christian Dvorak.
4:44 of 3rd period - Shot Blocked by Tyler Myers.
4:46 of 3rd period - Wrist shot by Michael Frolik.
4:46 of 3rd period - Shot Misses the Net.
5:00 of 3rd period - Minor Penalty to Marc-Edouard Vlasic for Holding.
5:01 of 3rd period - Evander Kane wins face-off versus Auston Matthews in Blues zone.
6:23 of 3rd period - Patric Hornqvist is hit by Anthony Cirelli and loses puck.
7:00 of 3rd period - Penalty to Marc-Edouard Vlasic is over, Marc-Edouard Vlasic is back on ice.
7:15 of 3rd period - Off-side.
7:16 of 3rd period - Jeff Carter wins face-off versus Sam Bennett in neutral zone.
7:23 of 3rd period - Michael Grabner is hit by Sean Walker and loses puck.
8:55 of 3rd period - Snap shot by Tomas Tatar.
8:55 of 3rd period - Stopped by Jonathan Quick without a rebound.
8:56 of 3rd period - Auston Matthews wins face-off versus Melker Karlsson in Blues zone.
9:17 of 3rd period - Snap shot by Curtis Lazar.
9:17 of 3rd period - Shot Misses the Net.
9:19 of 3rd period - Wrist shot by Andy Greene.
9:19 of 3rd period - Stopped by Jack Campbell with a rebound.
9:21 of 3rd period - Snap shot by Curtis Lazar.
9:21 of 3rd period - Stopped by Jack Campbell without a rebound.
9:22 of 3rd period - Evgeny Kuznetsov wins face-off versus Charlie Coyle in Penguins zone.
9:55 of 3rd period - Jeff Carter is hit by Tomas Tatar.
10:12 of 3rd period - Minor Penalty to Brian Boyle for Hooking.
10:13 of 3rd period - Evgeny Kuznetsov wins face-off versus Michael Grabner in Penguins zone.
10:13 of 3rd period - Wrist shot by Evander Kane.
10:13 of 3rd period - Goal by Evander Kane - Penguins : 2 - Blues : 3.
10:14 of 3rd period - Auston Matthews wins face-off versus Evgeny Kuznetsov in neutral zone.
10:19 of 3rd period - Slapshot by Auston Matthews.
10:19 of 3rd period - Shot Blocked by Evgeny Kuznetsov.
10:21 of 3rd period - Slapshot by Cale Makar.
10:21 of 3rd period - Shot Blocked by Anthony Cirelli.
10:30 of 3rd period - Wrist shot by Auston Matthews.
10:30 of 3rd period - Shot Misses the Net.
10:40 of 3rd period - Evgeny Kuznetsov is hit by Cale Makar and loses puck.
10:52 of 3rd period - Slapshot by Cale Makar.
10:52 of 3rd period - Stopped by Jonathan Quick with a rebound.
11:14 of 3rd period - Wrist shot by Jonathan Drouin.
11:14 of 3rd period - Shot Misses the Net.
11:26 of 3rd period - Wrist shot by Auston Matthews.
11:26 of 3rd period - Stopped by Jonathan Quick without a rebound.
11:27 of 3rd period - Christian Dvorak wins face-off versus Auston Matthews in Blues zone.
11:31 of 3rd period - Off-side.
11:32 of 3rd period - Jeff Carter wins face-off versus Auston Matthews in neutral zone.
11:49 of 3rd period - Jonathan Drouin is hit by Cale Makar and loses puck.
12:21 of 3rd period - Icing by Evgeny Kuznetsov.
12:22 of 3rd period - Charlie Coyle wins face-off versus Christian Dvorak in Blues zone.
12:23 of 3rd period - Snap shot by Patric Hornqvist.
12:23 of 3rd period - Deflect By Charlie Coyle.
12:23 of 3rd period - Stopped by Jonathan Quick with a rebound.
12:25 of 3rd period - Wrist shot by Patric Hornqvist.
12:25 of 3rd period - Shot Blocked by Michael Frolik.
12:45 of 3rd period - Snap shot by Jonathan Drouin.
12:45 of 3rd period - Shot Blocked by Joel Armia.
13:35 of 3rd period - Slapshot by Justin Faulk.
13:35 of 3rd period - Shot Blocked by Miro Heiskanen.
13:57 of 3rd period - Cale Makar is hit by Michael Frolik and loses puck.
14:04 of 3rd period - Wrist shot by Christian Dvorak.
14:04 of 3rd period - Shot Misses the Net.
14:16 of 3rd period - Minor Penalty to Evander Kane for Hooking.
14:17 of 3rd period - Evgeny Kuznetsov wins face-off versus Auston Matthews in Blues zone.
14:52 of 3rd period - Snap shot by Brent Burns.
14:52 of 3rd period - Goal by Brent Burns - Penguins : 3 - Blues : 3.
14:53 of 3rd period - Jeff Carter wins face-off versus Auston Matthews in neutral zone.
14:56 of 3rd period - Slapshot by Morgan Rielly.
14:56 of 3rd period - Deflect By Jeff Carter.
14:56 of 3rd period - Stopped by Jack Campbell without a rebound.
14:57 of 3rd period - Auston Matthews wins face-off versus Jeff Carter in Penguins zone.
15:16 of 3rd period - Jonathan Drouin is hit by Auston Matthews and loses puck.
15:21 of 3rd period - Wrist shot by Auston Matthews.
15:21 of 3rd period - Shot Misses the Net.
15:23 of 3rd period - Slapshot by Auston Matthews.
15:23 of 3rd period - Goal by Auston Matthews - Penguins : 4 - Blues : 3.
15:24 of 3rd period - Brian Boyle wins face-off versus Zach Sanford in neutral zone.
15:38 of 3rd period - Wrist shot by Brian Boyle.
15:38 of 3rd period - Shot Misses the Net.
15:40 of 3rd period - Snap shot by Jesperi Kotkaniemi.
15:40 of 3rd period - Stopped by Jonathan Quick with a rebound.
15:57 of 3rd period - Morgan Rielly is hit by Joel Armia and loses puck.
16:18 of 3rd period - Snap shot by Jonathan Drouin.
16:18 of 3rd period - Stopped by Jack Campbell with a rebound.
16:20 of 3rd period - Snap shot by Reilly Smith.
16:20 of 3rd period - Shot Blocked by Brent Burns.
16:57 of 3rd period - Wrist shot by Michael Frolik.
16:57 of 3rd period - Shot Misses the Net.
16:59 of 3rd period - Wrist shot by Christian Dvorak.
16:59 of 3rd period - Shot Misses the Net.
17:01 of 3rd period - Wrist shot by Christian Dvorak.
17:01 of 3rd period - Stopped by Jack Campbell with a rebound.
17:31 of 3rd period - Icing by Brent Burns.
17:32 of 3rd period - Joel Armia wins face-off versus Evgeny Kuznetsov in Penguins zone.
17:43 of 3rd period - Slapshot by Auston Matthews.
17:43 of 3rd period - Shot Blocked by Evander Kane.
18:22 of 3rd period - Slapshot by Jonathan Drouin.
18:22 of 3rd period - Shot Misses the Net.
18:24 of 3rd period - Snap shot by Jeff Carter.
18:24 of 3rd period - Shot Misses the Net.
18:26 of 3rd period - Slapshot by Justin Faulk.
18:26 of 3rd period - Stopped by Jack Campbell without a rebound.
18:27 of 3rd period - Christian Dvorak wins face-off versus Michael Grabner in Penguins zone.
18:30 of 3rd period - Wrist shot by Christian Dvorak.
18:30 of 3rd period - Shot Misses the Net.
18:32 of 3rd period - Wrist shot by Michael Frolik.
18:32 of 3rd period - Stopped by Jack Campbell with a rebound.
18:34 of 3rd period - Slapshot by Justin Faulk.
18:34 of 3rd period - Stopped by Jack Campbell without a rebound.
18:35 of 3rd period - Christian Dvorak wins face-off versus Brian Boyle in Penguins zone.
18:40 of 3rd period - Wrist shot by Zach Sanford.
18:40 of 3rd period - Shot Blocked by Cale Makar.
18:42 of 3rd period - Slapshot by Justin Faulk.
18:42 of 3rd period - Shot Blocked by Brian Boyle.
18:44 of 3rd period - Slapshot by Justin Faulk.
18:44 of 3rd period - Shot Misses the Net.
18:46 of 3rd period - Wrist shot by Christian Dvorak.
18:46 of 3rd period - Shot Misses the Net.
18:48 of 3rd period - Wrist shot by Christian Dvorak.
18:48 of 3rd period - Stopped by Jack Campbell with a rebound.
19:00 of 3rd period - Blues, Jonathan Quick is pulled from the net.
19:06 of 3rd period - Snap shot by Michael Frolik.
19:06 of 3rd period - Shot Misses the Net.
19:14 of 3rd period - Snap shot by Christian Dvorak.
19:14 of 3rd period - Stopped by Jack Campbell without a rebound.
19:15 of 3rd period - Rick Bowness call a timeout for Blues.
19:15 of 3rd period - Evgeny Kuznetsov wins face-off versus Brian Boyle in Penguins zone.
Goals for this period are 2 for Penguins vs 1 for Blues.
Shots for this period are 10 for Penguins vs 12 for Blues. Output by the SimonT Hockey Simulator (STHS) for Eric Tremblay - Original Page W3C HTML5 Valid
Hockey Simulator - Hockey Simulation - Hockey Manager